cohdb
Replays
Latest Replays
All Replays
Popular Replays
Top Player Replays
Match Explorer
How It Works
Community
CoH3 Stats
Reddit
Sign in to upload your games and track your stats! →
Sign in with Steam
Match 39510076
Unlisted
Match 39510076
Overview
Messages
Build Orders
End
Construct Barracks
Engineer Squad
Construct Barracks
Construct Barracks
Riflemen Squad
Riflemen Squad
Grenade Package
Riflemen Squad
Mechanized Support Center
.30 cal Machine Gun
Construct Motor Pool
M8 Greyhound Armored Car
Construct Medical Station
.30 cal Machine Gun
M8 Greyhound Armored Car
Designate Forward Repair Station
M3 75 mm Gun Motor Carriage
M8 Greyhound Armored Car
Rapid Repairs
Improvised Armor
Selects Airborne Battlegroup
Selects Recon Loiter
Recon Loiter
Selects Supply Drop
Selects Carpet Bombing Run
M3 75 mm Gun Motor Carriage
M3 75 mm Gun Motor Carriage
Supply Drop
Construct Tank Depot
Supply Drop
M3 75 mm Gun Motor Carriage
Recon Loiter
Carpet Bombing Run
Kanade
Bert1e
猫凪紗
PanzerJonny™
4ipolino
KnJaz
0
0
Comments
sign in to comment!
No comments posted yet!